 Dungeon Crawl Stone Soup version 0.30-a0-634-g8abc85282e (console) character file.

Game seed: 6750391518616391218

175 meg the Magician (level 5, -2/35 HPs)
             Began as a Djinni Conjurer on Jan 14, 2023.
             Was an Initiate of Ru.
             Slain by an orc wizard
             ... wielding a +0 dagger
              (3 damage)
             ... on level 4 of the Dungeon.
             The game lasted 00:13:05 (2333 turns).

meg the Magician (Djinni Conjurer)                  Turns: 2333, Time: 00:13:06

Health: -2/35      AC:  2    Str:  6    XL:     5   Next: 86%
Gold:   83         EV: 12    Int: 22    God:    Ru [......] SH:  0 Dex: 11

rFire   + + +      SeeInvis .    p - staff of fire
rCold   x . .      Faith    .    (no shield)
rNeg    . . .      Spirit   .    a - +0 robe
rPois   ∞          Reflect  .    (no helmet)
rElec   .          Harm     .    (no cloak)
rCorr   .          Rampage  .    (no gloves)
Will    .....                    (boots unavailable)
Stlth   ++                       (no amulet)
HPRegen 0.25/turn                (no ring)
MPRegen 0.00/turn                (no ring)

@: flying, invisible
A: sickness immunity, fire resistance 2, cold vulnerability 1, float, innate
caster, HP casting, extra vitality 1
a: Renounce Religion, Sacrifice Health, Sacrifice a Hand, Sacrifice Essence,
Reject Sacrifices


You were on level 4 of the Dungeon.
You worshipped Ru.
Ru was noncommittal.
You visited 1 branch of the dungeon, and saw 4 of its levels.

You collected 200 gold pieces.
You spent 117 gold pieces at shops.

Inventory:

Hand Weapons
 l - a +2 dagger of venom
Armour
 a - a +0 robe (worn)
 f - a +0 scale mail
 g - a +0 scale mail
Magical Staves
 p - a staff of fire (weapon)
Jewellery
 j - a ring of wizardry
Wands
 o - a wand of paralysis (7)
Scrolls
 e - a scroll of enchant armour {unknown}
 h - a scroll of fog
 n - a scroll of magic mapping
 q - a scroll of blinking {unknown}
 r - 2 scrolls of identify
 s - a scroll of amnesia {unknown}
 t - a scroll of teleportation {unknown}
Potions
 b - a potion of magic
 c - a potion of heal wounds
 i - a potion of degeneration
 k - a potion of brilliance
 m - 2 potions of haste {unknown}


   Skills:
 - Level 2.4 Dodging
 - Level 1.8 Stealth
 + Level 5.1 Spellcasting


You couldn't memorise any spells.
You knew the following spells:

 Your Spells              Type           Power      Damage    Failure   Level
a - Magic Dart            Conj           100%       1d8       1%          1
b - Searing Ray           Conj           56%        2d6       1%          2
c - Dazzling Flash        Conj/Hex       56%        N/A       3%          3
d - Fulminant Prism       Conj/Hex       14%        3d9       12%         4
e - Iskenderun's Mystic   Conj/Tloc      28%        2d7       12%         4
f - Foxfire               Conj/Fire      100%       2x1d9     1%          1
g - Wereblood             Tmut           28%        N/A       1%          2
Your spell library was empty.

Dungeon Overview and Level Annotations

Branches:
Dungeon (4/15)
 Temple: D:4-7

Altars:
Ru

Shops:
D:2 ??(:   D:3 *

Annotations:
D:4 1 transporter, Blork the orc


Innate Abilities, Weirdness & Mutations

You are immune to sickness and miasma.
You are immune to poison.
Your flesh is very heat resistant. (rF++)
You are vulnerable to cold. (rC-)
You float through the air rather than walking.
You learn spells naturally, not from books.
Your magical power is your life essence.
You have superior vitality. (+4 MHP)


Message History

Aiming: Searing Ray (safe; 1% risk of failure)
Press: ? - help, Shift-Dir - straight line, f - orc wizard
Aim: an orc wizard, wielding a +0 dagger and wearing a +0 robe (almost dead, unable to see you, 74% to hit)
The searing ray hits the orc wizard but does no damage.
The orc wizard is almost dead. (Press . to maintain the ray.)
The orc wizard casts a spell at you.
You are confused.
The orc hits you with a +0 dagger.
* * * LOW HITPOINT WARNING * * *
The orc wizard hits you with a +0 dagger.
* * * LOW HITPOINT WARNING * * *
The orc barely misses you.
The orc wizard gestures wildly while chanting.
The orc wizard flickers and vanishes!
Deactivating autopickup; reactivate with Ctrl-A.
The orc hits you but does no damage.
You're too confused to cast spells.
You bump into the rock wall.
Something hits you.
* * * LOW HITPOINT WARNING * * *
The orc hits you with a +0 dagger.
* * * LOW HITPOINT WARNING * * *
The orc barely misses you.
There is a stone staircase leading down here.
You're too confused to cast spells.
You bump into the rock wall.
You feel less confused. Something hits you.
* * * LOW HITPOINT WARNING * * *
Casting: Searing Ray (safe; 1% risk of failure)
Confirm with . or Enter, or press ? or * to list all spells.
Aiming: Searing Ray (safe; 1% risk of failure)
Press: ? - help, Shift-Dir - straight line, f - orc
Aim: an orc, wielding a +0 dagger and wearing a +0 ring mail (unable to see you, 82% to hit)
The searing ray hits the orc.
The orc is heavily wounded. (Press . to maintain the ray.)
* * * LOW HITPOINT WARNING * * *
Something hits you.
You die...

## ..
####.####
.o.......o@#
........##.#
≈≈≈≈≈≈..##)#
≈≈≈≈≈....)# #
##≈≈.....# #..
#≈≈.###.#
#...#≈≈.##:.#
###≈≈.....# ##
#8.≈≈..<..# P#
# ##.≈≈.###.#
.....+..#.~~.#
#.########


You could see an orc (unable to see you).

Vanquished Creatures
  A phantom (D:4)
  4 adders
  A worm (D:3)
  A dart slug (D:2)
  3 orcs (D:4)
  3 endoplasms
  A giant cockroach (D:1)
  9 hobgoblins
  2 quokkas
  7 ball pythons
  2 bats
  2 frilled lizards (D:3)
  9 goblins
  5 kobolds
  5 rats
55 creatures vanquished.

Vanquished Creatures (others)
  6 foxfires
6 creatures vanquished.

Grand Total: 61 creatures vanquished

Notes
Turn   | Place    | Note
-------+----------+-------------------------------------------
     0 | D:1      | meg the Djinni Conjurer began the quest for the Orb.
     0 | D:1      | meg set off with the following spells memorised: Magic
                  | Dart, Searing Ray, Dazzling Flash, Fulminant Prism,
                  | Iskenderun's Mystic Blast.
     0 | D:1      | Reached XP level 1. HP: 15/15 MP: 0/0
   234 | D:1      | Reached XP level 2. HP: 18/21 MP: 0/0
   301 | D:1      | Found a faded altar of an unknown god.
   319 | D:1      | Prayed at the altar of an unknown god.
   319 | D:1      | Became a worshipper of Ru the Awakened
   930 | D:2      | Reached XP level 3. HP: 22/25 MP: 0/0
   930 | D:2      | Learned a level 1 spell: Foxfire
   953 | D:2      | Found Jilaul's Magic Scroll Emporium.
   956 | D:2      | Found Omeqytux's Weapon Boutique.
   995 | D:2      | Bought a scroll of magic mapping for 97 gold pieces
  1013 | D:2      | Found Sibocifo's Magic Scroll Emporium.
  1056 | D:2      | Reached skill level 4 in Spellcasting
  1083 | D:2      | Found a sacrificial altar of Ru.
  1124 | D:2      | Reached XP level 4. HP: 26/31 MP: 0/0
  1148 | D:2      | Found Dujor's Book Emporium.
  1519 | D:3      | Found Quotem's General Store.
  1527 | D:3      | Bought a scroll of identify for 20 gold pieces
  1934 | D:4      | Noticed Blork the orc
  2007 | D:4      | Found a sacrificial altar of Ru.
  2238 | D:4      | Found a transporter.
  2263 | D:4      | Identified the +1 ring mail "Xamef" {Dex+3}
  2263 | D:4      | Noticed a gnoll sergeant
  2304 | D:4      | Noticed a phantom
  2320 | D:4      | Reached XP level 5. HP: 24/35 MP: 0/0
  2320 | D:4      | Learned a level 2 spell: Wereblood
  2321 | D:4      | Killed a phantom
  2322 | D:4      | Reached skill level 5 in Spellcasting
  2333 | D:4      | Slain by an orc wizard

Illustrated notes

Levels and vault maps discovered:
D:1:      matt_arrival_grand_opening, layout_loops_cross,
          shapermc_ecumenical_altar_starsandcircs
D:2:      layout_rooms, serial_shops, nicolae_square_shop,
          nicolae_shop_advertising_works [nicolae_subvault_shop_adworks],
          nicolae_shop_behind_doors, nicolae_square_shop, basic_altar
D:3:      layout_rooms, serial_shops, nicolae_shop_statue_plus
D:4:      kennysheep_the_goblin_king, layout_basic,
          mainiacjoe_overflow_alcove_2, nicolae_ru_awakened_eye,
          gammafunk_ghost_gnarly_gnolls, uniq_blork_the_orc, uniq_eustachio

Skill      XL: |  1  2  3  4  5 |
---------------+----------------+-----
Spellcasting   | 4 5 |  5.1
Dodging        | |  2.4
Stealth        | |  1.8

Action                   |  1- 3 |  4- 6 || total
-------------------------+-------+-------++-------
Melee: Staff             |       |     1 ||     1
 Cast: Magic Dart        |    56 |    37 ||    93
       Searing Ray       |     4 |     9 ||    13
       Foxfire           |     1 |     4 ||     5
  Use: Scroll            |       |     5 ||     5
       Potion            |       |     1 ||     1
Armor: Robe              |     2 |     4 ||     6
Dodge: Dodged            |     4 |    12 ||    16

Table legend: (Time is in decaauts)
 A = Elapsed time spent in this place.
 B = Non-inter-level travel time spent in this place.
 C = Inter-level travel time spent in this place.
 D = Time resting spent in this place.
 E = Time spent auto-exploring this place.
 F = Levels seen in this place.
 G = Mean time per level.
                   A        B        C        D        E       F      G
               +--------+--------+--------+--------+--------+-----+--------+
         Total |   2332 |   2165 |    167 |     77 |   1539 |   4 |  583.0 |
       Dungeon |   2332 |   2165 |    167 |     77 |   1539 |   4 |  583.0 |
               +--------+--------+--------+--------+--------+-----+--------+

Top non-repeatable levels by time:
     D:1: 721 daAuts
     D:3: 630 daAuts
     D:2: 593 daAuts
     D:4: 386 daAuts
